 Dungeon Crawl Stone Soup version 0.32-a0-42-ga30500b4d3 (webtiles) character file.

Game seed: 14669064331938997267

82726 cforsyth the Warrior (level 16, -10/134 HPs)
             Began as a Djinni Reaver on Jan 29, 2024.
             Was an Initiate of Yredelemnul.
             Killed from afar by an acid blob (35 damage)
             ... with a splash of acid
             ... on level 5 of the Lair of Beasts.
             The game lasted 01:09:55 (33096 turns).

cforsyth the Warrior (Djinni Reaver)               Turns: 33096, Time: 01:09:55

Health: -10/134    AC:  6    Str: 15    XL:     16   Next: 22%
Gold:   3131       EV: 16    Int: 23    God:    Yredelemnul [......] SH:  0 Dex: 12

rFire   . . .        R - +7 demon trident "Djinni's Regret" {venom, ^Drain rF- rC++ Str+4}
rCold   + + .        (no shield)
rNeg    . . .        i - +2 robe {Will+}
rPois   ∞            x - +0 helmet
rElec   .            Q - +0 cloak
rCorr   .            (no gloves)
SInv    .            (boots unavailable)
Will    ++...        (no amulet)
Stlth   +            O - ring of ice
HPRegen 0.42/turn    n - ring of the Tortoise {AC+8}
MPRegen 0.00/turn

%: infuse magic (-11 HP)
@: corroded, flying, hasted, studying Polearms, very quick
A: sickness immunity, fire resistance 2, cold vulnerability 1, float, innate
caster, HP casting, extra vitality 1
a: Renounce Religion, Recall Undead Harvest


You were on level 5 of the Lair of Beasts.
You worshipped Yredelemnul.
Yredelemnul was noncommittal.
You visited 4 branches of the dungeon, and saw 21 of its levels.
You also visited: Sewer, Bailey and Ice Cave.

You collected 3261 gold pieces.
You spent 130 gold pieces at shops.

Inventory:

Hand Weapons
 R - the +7 demon trident "Djinni's Regret" (weapon) {venom, ^Drain rF- rC++ Str+4}
   (You found it on level 12 of the Dungeon)

   Str+4:     It affects your strength (+4).
   rF-:       It makes you vulnerable to fire.
   rC++:      It greatly protects you from cold.
   ^Drain:    It drains your maximum health when unequipped.
Armour
 i - a +2 robe of willpower (worn)
 x - a +0 helmet (worn)
 L - the +4 ice dragon scales of Whack-A-Mole {+Blink rPois rF- rC++}
   (You found it in an ice cave)

   rF-:       It makes you vulnerable to fire.
   rC++:      It greatly protects you from cold.
   rPois:     It protects you from poison +Blink: It lets you blink.
 Q - a +0 cloak (worn)
Jewellery
 b - a ring of protection from fire
 c - a ring of willpower
 n - the ring of the Tortoise (right hand) {AC+8}
   (You took it off a gnoll sergeant in a bailey)

   [ring of protection]

   AC+8:      It affects your AC (+8).
 w - a ring of protection from fire
 N - a ring of ice
 O - a ring of ice (left hand)
Wands
 j - a wand of quicksilver (3)
 s - a wand of roots (1)
 u - a wand of paralysis (13)
 K - a wand of flame (29)
 P - a wand of mindburst (7)
Scrolls
 e - 7 scrolls of teleportation
 f - 2 scrolls of vulnerability
 l - 2 scrolls of noise {unknown}
 q - a scroll of silence {unknown}
 v - a scroll of enchant armour {unknown}
 y - 4 scrolls of fog
 B - 2 scrolls of enchant weapon {unknown}
 D - 2 scrolls of poison
 E - 2 scrolls of blinking {unknown}
 F - a scroll of fear
 I - 3 scrolls of immolation
 J - a scroll of identify
Potions
 d - 6 potions of curing
 g - 2 potions of haste
 h - 4 potions of enlightenment
 k - 3 potions of invisibility
 o - 4 potions of mutation
 p - 6 potions of might
 r - 2 potions of heal wounds
 z - 2 potions of attraction
 A - 6 potions of brilliance
 C - 3 potions of resistance
 H - a potion of cancellation
 M - a potion of ambrosia
Miscellaneous
 t - a phantom mirror
 G - a condenser vane


   Skills:
 + Level 18.8 Fighting
 - Level 2.6 Short Blades
 + Level 9.8 Dodging
 + Level 14.7 Spellcasting
 + Level 14.7 Conjurations
 + Level 14.7 Hexes
 + Level 14.7 Summonings
 + Level 14.7 Necromancy
 + Level 14.7 Translocations
 + Level 14.7 Fire Magic
 + Level 14.7 Ice Magic
 + Level 14.7 Air Magic
 + Level 14.7 Earth Magic
 + Level 14.7 Alchemy


You knew the following spells:

 Your Spells              Type           Power      Damage    Failure   Level
a - Kiss of Death         Conj/Necr      100%       2d13      0%          1
b - Momentum Strike       Conj/Tloc      100%       3d10      0%          2
c - Hailstorm             Conj/Ice       91%        3d15      1%          3
d - Foxfire               Conj/Fire      100%       2x1d9     0%          1
e - Call Imp              Summ           100%       N/A       0%          2
f - Inner Flame           Hex/Fire       71%        N/A       1%          3
g - Passwall              Erth           71%        N/A       1%          3
h - Summon Mana Viper     Hex/Summ       71%        N/A       1%          5
i - Irradiate             Conj/Alch      35%        3d23      1%          5
j - Death Channel         Necr           35%        N/A       1%          6
Your spell library was empty.

Dungeon Overview and Level Annotations

Branches:
Dungeon (13/15)            Temple (1/1) D:6            Lair (5/5) D:11
 Shoals (0/4) Lair:2        Snake (0/4) Lair:3        Slime (0/5) Lair:5
    Orc (2/2) D:12            Elf (0/3) Orc:2         Sewer (visited)
 Bailey (visited)           IceCv (visited)
 Vaults: D:13-14

Altars:
Ashenzari
Cheibriados
Dithmenos
Elyvilon
Fedhas
Gozag
Hepliaklqana
Makhleb
Nemelex Xobeh
Okawaru
Qazlal
Ru
Trog
Uskayaw
Wu Jian
Xom
Yredelemnul
Zin
The Shining One
Jiyva

Shops:
D:10 !   Orc:2 ?(*:

Portals:
Pandemonium: Orc:2


Innate Abilities, Weirdness & Mutations

You are immune to sickness and miasma.
You are immune to poison.
Your flesh is very heat resistant. (rF++)
You are vulnerable to cold. (rC-)
You float through the air rather than walking.
You learn spells naturally, not from books.
Your magical power is your life essence.
You have superior vitality. (+4 MHP)


Message History

Confirm with . or Enter, or press ? or * to list all spells.
Aiming: Inner Flame (safe; 1% risk of failure)
Press: ? - help, Dir - move target, f/p - acid blob
Aim: an acid blob (ally target, chance to affect: 8%)
The acid blob resists with almost no effort.
Your mana viper bites the acid blob.
Your mana viper is burned by acid!
The acid blob hits your mana viper!!
Your mana viper is splashed with acid.
Your mana viper seems to be corroded for longer.
Your mana viper dies!
Your mana viper disappears in a puff of smoke!
Casting: Inner Flame (safe; 1% risk of failure)
Confirm with . or Enter, or press ? or * to list all spells.
Aiming: Inner Flame (safe; 1% risk of failure)
Press: ? - help, Dir - move target, f/p - acid blob
Aim: an acid blob (lightly wounded, ally target, chance to affect: 8%)
The acid blob resists with almost no effort.
The acid blob spits acid at you.
The splash of acid hits your cerulean imp!
The acid corrodes your cerulean imp!
Your cerulean imp dies!
Your cerulean imp disappears in a puff of smoke!
Casting: Inner Flame (safe; 1% risk of failure)
Confirm with . or Enter, or press ? or * to list all spells.
A mana viper appears with a sibilant hiss.
The acid blob spits acid at you. The splash of acid hits you!!
The acid blob spits acid at you. The splash of acid hits you!!
* * * LOW HITPOINT WARNING * * *
The acid corrodes you!
You enter a teleport trap!
The teleport trap disappears.
Your surroundings suddenly seem different.
The acid blob quivers.
Okay, then.
You feel yourself speed up. The acid blob spits acid at you.
The splash of acid hits you!!
You die...
Your body becomes fuel for the black torch.

,,,,,,,,*,*,,,,,,,,,,,*,*,,,,,,,,
,,,,,,,,*#......,.......,,,,,,**,
,,,*,,*,P.......,.......,,******,
,,,,,,,,,.......,.......*,* *,,**
,,*,,P,,*##.....,.P.....,****,**,
,,,[,,,,*#.#....,.....#.*,**,,,,,
,,*,,,*,*.......#.......*,*,,,,,,
,,,,,,,,,...............<,,,,,,,,
***,,,,,,.......@J......,,,,,,,,,
,,,,,,,,,......#........,,,,,,,,,
,,,,,,,,,...#.,.........,,,,,,,,,
,,,,,*,*,.,..,..........,,,,,,,,,
,,,,,,**,,..,...#...[...,,,,,*,,*
,,,,,**,,..,....,.......,,,,,****
,,,,,,,,,.,.....,.......,,,,,*,*,
,,,,,,,,,,.....#*##.#...,,,,,,,,,
,,,,,,,),,,,,*** *,*,,,,,,,,,,,,


You could see an acid blob.

Vanquished Creatures
  An azure jelly (IceCv)
  A quicksilver ooze (IceCv)
  Snorg (Lair:4)
  A merfolk impaler (D:12)
  Fannar (Lair:3)
  A catoblepas (Lair:5)
  The ghost of knightboat the Slicer, a journeyman DsGl of Wu Jian (D:12)
  2 centaur warriors
  A two-headed ogre (D:13)
  3 tengu warriors (D:12)
  2 orc high priests (Orc:2)
  A skeletal warrior (D:9)
  A spectral hydra (Lair:3)
  Pikel (D:9)
  2 ugly things
  A cyclops (Orc:1)
  2 manticores (Lair:2)
  An orc knight (D:12)
  A spectral ugly thing (D:13)
  A spectral ice dragon (Lair:5)
  A kobold blastminer (Orc:2)
  A black mamba (Lair:1)
  7 cane toads
  A guardian serpent (Lair:3)
  3 torpor snails
  An orange demon (Orc:2)
  2 spectral slime creatures (IceCv)
  A komodo dragon (Lair:5)
  3 rime drakes
  A kobold demonologist (D:9)
  A spectral two-headed ogre (D:13)
  A spectral tengu (D:12)
  A troll (D:11)
  A spectral skyshark (Lair:3)
  4 hornets
  3 tyrant leeches (Lair:5)
  Grinder (D:3)
  A spectral guardian serpent (Lair:3)
  A spectral swamp dragon (Lair:5)
  Prince Ribbit (D:5)
  5 blink frogs
  2 spectral manticores (Lair:2)
  4 spectral tyrant leeches (Lair:5)
  14 slime creatures
  A shadow (D:12)
  40 yaks
  3 wraiths (Lair:5)
  A slime creature zombie (IceCv)
  A basilisk (Lair:4)
  A spectral troll (Lair:4)
  2 steam dragons
  6 vampire mosquitoes
  A great orb of eyes simulacrum (IceCv)
  A skyshark zombie (Lair:3)
  3 spectral cane toads
  Menkaure (D:7)
  An acid dragon (Lair:5)
  A cane toad zombie (Lair:5)
  3 hornet zombies (Lair:5)
  A spectral torpor snail (Lair:2)
  9 water moccasins
  17 orc warriors
  4 sky beasts
  3 black bears
  2 ogres
  12 spectral yaks
  Pargi (Sewer)
  2 centaurs (D:10)
  14 wolves
  A spectral cyclops (Orc:1)
  3 torpor snail zombies (Lair:5)
  A phantom (D:5)
  A lemure (D:9)
  A kobold zombie (Orc:2)
  2 spectral basilisks
  A spectral black bear (D:11)
  3 spectral kobolds
  3 komodo dragon zombies
  Blork the orc (D:6)
  3 kobold brigands
  7 gnoll sergeants (Bailey)
  2 spectral water moccasins
  3 scorpions
  7 bullfrogs
  2 water moccasin zombies
  5 wights (D:7)
  3 yak zombies
  10 killer bees
  A spectral acid dragon (Lair:5)
  2 spectral wolves
  A howler monkey (D:9)
  2 spectral centaurs
  3 wolf zombies
  2 spectral bullfrogs
  2 centaur zombies
  2 bullfrog zombies
  A jelly (D:6)
  4 hounds
  A black bear zombie (D:11)
  6 gnoll boudas (Bailey)
  9 orc priests
  3 iron imps (D:5)
  3 sleepcaps
  Jessica (D:3)
  8 iguanas
  13 orc wizards
  A spectral swamp drake (Lair:5)
  4 hell rats (Lair:5)
  An ogre zombie (Orc:2)
  A spectral hell rat (Lair:5)
  A spectral howler monkey (D:9)
  11 spectral orcs
  A spectral iguana (Lair:5)
  10 gnolls
  6 adders
  2 white imps
  4 ufetubi
  12 orc zombies
  A dart slug (D:1)
  4 ribbon worms
  41 orcs
  11 ball pythons
  10 endoplasms
  2 giant cockroaches
  9 goblins
  10 hobgoblins
  5 jackals
  5 quokkas
  3 bats
  5 frilled lizards
  22 kobolds
  4 rats
  A butterfly (Lair:5)
528 creatures vanquished.

Vanquished Creatures (collateral kills)
  2 quicksilver oozes (IceCv)
  Josephine (Lair:5)
  Erolcha (D:12)
  2 ice dragons (Lair:5)
  2 hydras
  Erica (Orc:1)
  A two-headed ogre (D:11)
  A demonspawn (Orc:2)
  A centaur warrior (D:12)
  5 orc high priests
  A death yak (Lair:4)
  2 tengu warriors
  A soul eater (Orc:1)
  Sonja (Lair:4)
  3 skysharks
  An arcanist (D:13)
  A swamp dragon (Lair:5)
  3 orc knights
  A lindwurm (Lair:5)
  5 orc sorcerers (Orc:2)
  3 black mambas
  6 torpor snails
  7 cane toads
  3 ice statues (IceCv)
  An orange demon (Orc:2)
  7 komodo dragons
  3 rime drakes (Lair:5)
  2 kobold demonologists (D:9)
  An unseen horror (D:13)
  2 trolls (D:12)
  A polar bear (Lair:3)
  4 blink frogs
  A tyrant leech (Lair:5)
  5 hornets
  12 slime creatures
  20 yaks
  2 wraiths
  A wyvern (Lair:3)
  2 vampires (D:11)
  A chaos spawn (Orc:2)
  3 basilisks
  2 vampire mosquitoes
  3 wargs (Orc:2)
  A steam dragon (Lair:3)
  2 acid dragons (Lair:5)
  2 great orb of eyes simulacra (IceCv)
  3 water moccasins
  A swamp drake (Lair:5)
  A black bear (D:11)
  12 orc warriors
  2 ogres (Orc:1)
  8 wolves
  3 centaurs (D:9)
  A kobold brigand (D:9)
  2 gnoll sergeants
  7 bullfrogs
  5 wights (D:9)
  3 killer bees
  11 orc priests
  Crazy Yiuf (D:3)
  6 iguanas
  5 orc wizards
  A hell rat (Lair:5)
  4 gnolls
  17 orcs
  A hobgoblin (D:7)
  4 kobolds (D:9)
  A butterfly (Lair:5)
  30 foxfires
262 creatures vanquished.

Vanquished Creatures (others)
  A spectral merfolk (D:12)
  A spectral centaur (D:9)
  A spectral slime creature (IceCv)
  A spectral black mamba (Lair:4)
  A slime creature zombie (IceCv)
  A spectral orange demon (Orc:2)
  A human zombie (D:13)
  2 cane toad zombies (Lair:5)
  A spectral hornet (Lair:5)
  A hornet zombie (D:7)
  2 spectral yaks
  A blink frog zombie (Lair:1)
  2 rime drake zombies
  2 komodo dragon zombies
  A warg zombie (Orc:2)
  7 yak zombies
  A spectral wolf (Lair:2)
  2 wolf zombies (Bailey)
  2 bullfrog zombies
  2 spectral orcs (Orc:2)
  9 killer bee zombies
  2 hound zombies (Bailey)
  A hell rat zombie (Lair:5)
  A spectral iguana (Lair:5)
  An iguana zombie (Lair:5)
  11 gnoll zombies (Bailey)
  2 kobold zombies (D:9)
  34 orc zombies
  2 spectral ufetubi (D:7)
  2024 foxfires
2120 creatures vanquished.

Grand Total: 2910 creatures vanquished

Notes
Turn   | Place    | Note
-------+----------+-------------------------------------------
     0 | D:1      | cforsyth the Djinni Reaver began the quest for the Orb.
     0 | D:1      | cforsyth set off with the following spells memorised: Kiss
                  | of Death, Momentum Strike, Hailstorm.
     0 | D:1      | Reached XP level 1. HP: 18/18 MP: 0/0
   126 | D:1      | Reached XP level 2. HP: 23/23 MP: 0/0
   562 | D:1      | Reached XP level 3. HP: 29/29 MP: 0/0
   562 | D:1      | Learned a level 1 spell: Foxfire
  1212 | D:2      | Reached skill level 3 in Fighting
  1430 | D:2      | Reached XP level 4. HP: 33/35 MP: 0/0
  1922 | D:3      | Noticed Jessica
  1928 | D:3      | Killed Jessica
  1953 | D:3      | Identified the +0 spear "Digaw" {venom, SInv}
  2147 | D:3      | Reached XP level 5. HP: 38/40 MP: 0/0
  2147 | D:3      | Learned a level 2 spell: Call Imp
  2169 | D:3      | Noticed Grinder
  2433 | D:3      | Killed Grinder
  2434 | D:3      | Reached skill level 4 in Fighting
  2434 | D:3      | Reached XP level 6. HP: 42/49 MP: 0/0
  2693 | D:3      | Found a runed translucent door.
  2694 | D:3      | Noticed Crazy Yiuf
  2885 | D:4      | Found an iron altar of Okawaru.
  2988 | D:4      | Noticed an ogre
  2997 | D:4      | Killed an ogre
  2998 | D:4      | Reached skill level 5 in Fighting
  2998 | D:4      | Reached XP level 7. HP: 48/54 MP: 0/0
  2998 | D:4      | Learned a level 3 spell: Inner Flame
  3161 | D:4      | Found a white marble altar of Elyvilon.
  3177 | D:4      | Reached skill level 5 in Spellcasting
  3177 | D:4      | Reached skill level 5 in Conjurations
  3177 | D:4      | Reached skill level 5 in Hexes
  3177 | D:4      | Reached skill level 5 in Summonings
  3177 | D:4      | Reached skill level 5 in Necromancy
  3177 | D:4      | Reached skill level 5 in Translocations
  3177 | D:4      | Reached skill level 5 in Fire Magic
  3177 | D:4      | Reached skill level 5 in Ice Magic
  3177 | D:4      | Reached skill level 5 in Air Magic
  3177 | D:4      | Reached skill level 5 in Earth Magic
  3177 | D:4      | Reached skill level 5 in Alchemy
  3508 | D:4      | Reached skill level 6 in Fighting
  3877 | D:5      | Entered Level 5 of the Dungeon
  4078 | D:5      | Reached XP level 8. HP: 53/62 MP: 0/0
  4156 | D:5      | Noticed Prince Ribbit
  4181 | D:5      | Killed Prince Ribbit
  4417 | D:5      | Found a burning altar of Makhleb.
  4537 | D:5      | Reached skill level 7 in Fighting
  4889 | D:6      | Reached XP level 9. HP: 49/69 MP: 0/0
  4889 | D:6      | Learned a level 3 spell: Passwall
  4915 | D:6      | Noticed Blork the orc
  4920 | D:6      | Killed Blork the orc
  4954 | D:6      | Reached skill level 8 in Fighting
  5079 | D:6      | Found a glowing drain.
  5149 | Sewer    | Entered a sewer
  5149 | Sewer    | Noticed Pargi
  5158 | Sewer    | Killed Pargi
  5608 | D:6      | Found a staircase to the Ecumenical Temple.
  5686 | Temple   | Entered the Ecumenical Temple
  5693 | Temple   | Became a worshipper of Yredelemnul the Dark
  5911 | D:7      | Reached * piety under Yredelemnul
  5924 | D:7      | Found a glowing silver altar of Zin.
  5924 | D:7      | Found a stormy altar of Qazlal.
  5934 | D:7      | Reached skill level 9 in Fighting
  5977 | D:7      | Found a broken altar of Ashenzari.
  6064 | D:7      | Noticed a hornet
  6081 | D:7      | Killed a hornet
  6094 | D:7      | Found a sacrificial altar of Ru.
  6175 | D:7      | Found a flagged portal.
  6215 | Bailey   | Entered a bailey
  6665 | Bailey   | Reached XP level 10. HP: 62/79 MP: 0/0
  7418 | Bailey   | Reached skill level 10 in Fighting
  8362 | D:7      | Noticed Menkaure
  8367 | D:7      | Killed Menkaure
  8648 | D:7      | Reached skill level 11 in Fighting
  8995 | D:8      | Reached XP level 11. HP: 56/87 MP: 0/0
  8995 | D:8      | Learned a level 5 spell: Summon Mana Viper
  9176 | D:8      | Reached ** piety under Yredelemnul
  9555 | D:8      | Found a bloodstained altar of Trog.
  9563 | D:8      | Reached *** piety under Yredelemnul
  9831 | D:9      | Noticed Pikel
  9853 | D:9      | Reached skill level 12 in Fighting
 10087 | D:9      | Found a hide-covered altar of Uskayaw.
 10696 | D:9      | Noticed a centaur warrior
 10697 | D:9      | Noticed a skeletal warrior
 10709 | D:9      | Killed a centaur warrior
 10710 | D:9      | Reached skill level 10 in Spellcasting
 10710 | D:9      | Reached skill level 10 in Conjurations
 10710 | D:9      | Reached skill level 10 in Hexes
 10710 | D:9      | Reached skill level 10 in Summonings
 10710 | D:9      | Reached skill level 10 in Necromancy
 10710 | D:9      | Reached skill level 10 in Translocations
 10710 | D:9      | Reached skill level 10 in Fire Magic
 10710 | D:9      | Reached skill level 10 in Ice Magic
 10710 | D:9      | Reached skill level 10 in Air Magic
 10710 | D:9      | Reached skill level 10 in Earth Magic
 10710 | D:9      | Reached skill level 10 in Alchemy
 10722 | D:9      | Killed a skeletal warrior
 10946 | D:9      | Reached skill level 13 in Fighting
 11052 | D:9      | Noticed a white ugly thing
 11060 | D:9      | Killed a white ugly thing
 11303 | D:9      | Killed Pikel
 11304 | D:9      | Reached XP level 12. HP: 85/98 MP: 0/0
 11913 | D:10     | Entered Level 10 of the Dungeon
 11918 | D:10     | Found a snail-covered altar of Cheibriados.
 12142 | D:10     | Found Dich's Distillery.
 12840 | D:11     | Found a staircase to the Lair.
 12881 | D:11     | Reached skill level 14 in Fighting
 13149 | D:11     | Noticed a two-headed ogre
 13157 | D:11     | Killed a two-headed ogre
 14022 | D:12     | Found a staircase to the Orcish Mines.
 14253 | D:12     | Noticed Erolcha
 14275 | D:12     | Killed Erolcha
 14500 | D:12     | Found a runed translucent gate.
 14500 | D:12     | Found a runed translucent gate.
 14500 | D:12     | Noticed a centaur warrior
 14500 | D:12     | Noticed a tengu warrior
 14500 | D:12     | Noticed a tengu warrior
 14501 | D:12     | Found a runed translucent gate.
 14501 | D:12     | Noticed a tengu warrior
 14501 | D:12     | Noticed a centaur warrior
 14501 | D:12     | Noticed a tengu warrior
 14502 | D:12     | Noticed a merfolk impaler
 14502 | D:12     | Noticed knightboat's ghost (journeyman DsGl)
 14879 | D:12     | Found an iron altar of Okawaru.
 14927 | Lair:1   | Entered Level 1 of the Lair of Beasts
 15182 | Lair:1   | Reached **** piety under Yredelemnul
 15219 | Lair:1   | Reached XP level 13. HP: 103/106 MP: 0/0
 15219 | Lair:1   | Learned a level 5 spell: Irradiate
 15225 | Lair:1   | Reached ***** piety under Yredelemnul
 15546 | Lair:1   | Reached skill level 15 in Fighting
 15793 | Lair:1   | Reached ****** piety under Yredelemnul
 17390 | Lair:2   | Found a staircase to the Shoals.
 17816 | Lair:3   | Reached skill level 16 in Fighting
 18026 | Lair:3   | Noticed an eight-headed hydra
 18032 | Lair:3   | Killed an eight-headed hydra
 18478 | Lair:3   | Noticed Fannar
 18494 | Lair:3   | Killed Fannar
 18589 | Lair:3   | Found a staircase to the Snake Pit.
 19209 | Lair:4   | Reached XP level 14. HP: 19/117 MP: 0/0
 19918 | Lair:4   | Noticed Sonja
 19929 | Lair:4   | Killed Sonja
 20093 | Lair:4   | Noticed Snorg
 20099 | Lair:4   | Killed Snorg
 20099 | Lair:4   | Your ally Sonja died
 20150 | Lair:4   | Your ally Snorg died
 20616 | Lair:5   | Entered Level 5 of the Lair of Beasts
 20676 | Lair:5   | Reached skill level 17 in Fighting
 21565 | Lair:5   | Identified the +0 robe of Diejifu {Int+6 Slay-3}
 21728 | Lair:5   | Found a runed translucent door.
 21728 | Lair:5   | Found a viscous altar of Jiyva.
 21728 | Lair:5   | Noticed an acid blob
 21729 | Lair:5   | Found a staircase to the Slime Pits.
 21729 | Lair:5   | Noticed an acid blob
 21729 | Lair:5   | Noticed an acid blob
 21785 | Lair:5   | Noticed Josephine
 21792 | Lair:5   | Killed Josephine
 22094 | Lair:5   | Reached skill level 5 in Dodging
 23424 | Lair:5   | Reached XP level 15. HP: 103/125 MP: 0/0
 23424 | Lair:5   | Learned a level 6 spell: Death Channel
 23440 | Lair:5   | HP: 4/125 [ice dragon/blast of cold (54)]
 24028 | Lair:5   | Identified a scroll of acquirement
 24029 | Lair:5   | Acquired 645 gold pieces
 24188 | Orc:1    | Entered Level 1 of the Orcish Mines
 24257 | Orc:1    | Noticed Erica
 24614 | Orc:1    | Killed Erica
 24771 | Orc:2    | Entered Level 2 of the Orcish Mines
 24812 | Orc:2    | Found a frozen archway.
 24818 | IceCv    | Entered an ice cave
 25554 | IceCv    | Noticed a quicksilver ooze
 25558 | IceCv    | Killed a quicksilver ooze
 25560 | IceCv    | Noticed a quicksilver ooze
 25571 | IceCv    | Killed a quicksilver ooze
 25572 | IceCv    | Reached skill level 18 in Fighting
 25869 | IceCv    | Found a viscous altar of Jiyva.
 25869 | IceCv    | Noticed an azure jelly
 25877 | IceCv    | Killed an azure jelly
 25893 | IceCv    | Noticed a quicksilver ooze
 25898 | IceCv    | Killed a quicksilver ooze
 25924 | IceCv    | Identified the +0 ring mail of the Bard {*Corrode rPois
                  | rF++}
 25927 | IceCv    | Identified the +4 ice dragon scales of Whack-A-Mole {+Blink
                  | rPois rF- rC++}
 26023 | IceCv    | HP: 4/126 [something (22)]
 27242 | Orc:2    | Found Sooduy's Magic Scroll Shop.
 27245 | Orc:2    | Found Dephaf's General Store.
 27253 | Orc:2    | Bought a scroll of teleportation for 30 gold pieces
 27253 | Orc:2    | Bought a scroll of identify for 20 gold pieces
 27253 | Orc:2    | Bought a scroll of teleportation for 30 gold pieces
 27293 | Orc:2    | Bought a potion of heal wounds for 50 gold pieces
 27411 | Orc:2    | Found a staircase to the Elven Halls.
 29506 | Orc:2    | Found Ximokh's Antique Weapon Shoppe.
 29506 | Orc:2    | Found Pakluhir's Book Emporium.
 29507 | Orc:2    | Found a one-way gate leading to the halls of Pandemonium.
 30336 | D:13     | Found a blossoming altar of Fedhas.
 30516 | D:13     | Reached XP level 16. HP: 126/134 MP: 0/0
 31107 | D:3      | Killed Crazy Yiuf
 31755 | D:12     | Killed knightboat's ghost
 31930 | D:12     | Identified the +7 demon trident "Djinni's Regret" {venom,
                  | ^Drain rF- rC++ Str+4}
 32204 | D:12     | Found a staircase to the Orcish Mines.
 33096 | Lair:5   | Killed from afar by an acid blob

Illustrated notes

Levels and vault maps discovered:
D:1:      scummos_arrival_gate, layout_loops_corners
D:2:      layout_basic
D:3:      layout_rooms, grunt_ministairs_3, uniq_jessica,
          uniq_crazy_yiuf_cottage, uniq_grinder
D:4:      layout_loops_ring, mainiacjoe_overflow_tiny_flanked, kennysheep_mini,
          kennysheep_another_room
D:5:      layout_rooms, demons_altar, uniq_prince_ribbit1
D:6:      layout_rooms, minmay_temple_entry_antechambers,
          cheibrodos_sewer_entry_bend, uniq_blork_the_orc
D:7:      layout_gridville, ashenzari_altar_1,
          mainiacjoe_overflow_small_starburst, mainiacjoe_overflow_divided_tiny,
          enter_bailey_4, nicolae_houndstooth_variations, uniq_menkaure
D:8:      layout_basic, trog_butcher_becter, hangedman_decor_slide_cut,
          chequers_mini_garden
D:9:      layout_basic, mainiacjoe_overflow_alcove_1, roderic_serpentine_path,
          minmay_fractal_squares_gapless_7, uniq_pikel
D:10:     layout_gridville, grunt_temple_overflow_magic_moments,
          nicolae_overflow_hidden_temple, serial_shops,
          nicolae_shop_tiny_real_fake_doors
D:11:     layout_loops_corners, due_lair_maze_entry_diamond, nrook_uturn
D:12:     layout_long_grid, orc_0_dummy, gammafunk_ghost_fury_of_okawaru,
          uniq_erolcha
D:13:     layout_irregular_city, fedhas_altar_1
Temple:   nicolae_temple_cloud_nine
Lair:1:   layout_layer_cave
Lair:2:   layout_roguey, minmay_shoals_entry_beasts,
          infiniplex_staircase_pool_2, grunt_megastairs_1
Lair:3:   layout_loops_ring, minmay_snake_entry_spellcaster,
          lemuel_fruit_fields, uniq_fannar
Lair:4:   layout_cave_shapes, chequers_serial_rivers_small_b, uniq_sonja,
          uniq_snorg
Lair:5:   wormcave, layout_misc_corridors, guppyfry_lair_end_dragon,
          slime_entry_2, lemuel_fruit_fields, uniq_josephine
Orc:1:    layout_caves, basic_altar, uniq_erica
Orc:2:    pf_orc_diabolical, layout_caves, portal_ice_cave_rime

Skill      XL: |  1  2  3  4  5  6  7  8  9 10 11 12 13 14 15 |
---------------+----------------------------------------------+-----
Spellcasting   | 3 4 5 6 7 9 10 11 12 13 14 | 14.7
Conjurations   | 3 4 5 6 7 9 10 11 12 13 14 | 14.7
Hexes          | 3 4 5 6 7 9 10 11 12 13 14 | 14.7
Summonings     | 3 4 5 6 7 9 10 11 12 13 14 | 14.7
Necromancy     | 3 4 5 6 7 9 10 11 12 13 14 | 14.7
Translocations | 3 4 5 6 7 9 10 11 12 13 14 | 14.7
Fire Magic     | 3 4 5 6 7 9 10 11 12 13 14 | 14.7
Ice Magic      | 3 4 5 6 7 9 10 11 12 13 14 | 14.7
Air Magic      | 3 4 5 6 7 9 10 11 12 13 14 | 14.7
Earth Magic    | 3 4 5 6 7 9 10 11 12 13 14 | 14.7
Alchemy        | 3 4 5 6 7 9 10 11 12 13 14 | 14.7
Fighting       | 3 4 5 6 7 9 11 13 14 16 17 18 | 18.8
Dodging        | 6 9 |  9.8
Short Blades   | |  2.6

Action                     |  1- 3 |  4- 6 |  7- 9 | 10-12 | 13-15 | 16-18 || total
---------------------------+-------+-------+-------+-------+-------+-------++-------
  Melee: Short sword       |    64 |     2 |       |       |    76 |       ||   142
         Punch             |     2 |       |     1 |     2 |     5 |       ||    10
         Spear             |       |     6 |    18 |    35 |    84 |       ||   143
   Cast: Foxfire           |    49 |   102 |   294 |   457 |   297 |    30 ||  1229
         Hailstorm         |       |     1 |    15 |    20 |       |       ||    36
         Momentum Strike   |       |       |     4 |     1 |    13 |     5 ||    23
         Inner Flame       |       |       |     3 |    49 |   166 |    12 ||   230
         Call Imp          |       |       |     3 |       |    74 |    18 ||    95
         Summon Mana Viper |       |       |       |    43 |   181 |    20 ||   244
  Evoke: Wand              |       |       |     3 |       |     5 |       ||     8
    Use: Scroll            |       |     3 |    11 |     5 |    13 |     2 ||    34
         Potion            |       |       |     1 |       |     4 |     1 ||     6
   Stab: Distracted        |       |       |       |       |     4 |       ||     4
 Armour: Leather armour    |    46 |    16 |    25 |       |       |       ||    87
         Robe              |       |       |    48 |   114 |   282 |    23 ||   467
         Skin              |       |       |    20 |       |       |       ||    20
  Dodge: Dodged            |    48 |     9 |    48 |   106 |   189 |    17 ||   417

Table legend: (Time is in decaauts)
 A = Elapsed time spent in this place.
 B = Non-inter-level travel time spent in this place.
 C = Inter-level travel time spent in this place.
 D = Time resting spent in this place.
 E = Time spent auto-exploring this place.
 F = Levels seen in this place.
 G = Mean time per level.
                   A        B        C        D        E       F      G
               +--------+--------+--------+--------+--------+-----+--------+
         Total |  33161 |  31642 |   1519 |   4499 |  20877 |  24 | 1381.7 |
       Dungeon |  15995 |  14936 |   1059 |   1196 |  10985 |  13 | 1230.4 |
        Temple |     14 |      7 |      7 |      0 |      0 |   1 |   14.0 |
          Lair |   9559 |   9188 |    371 |   1310 |   6300 |   5 | 1911.8 |
  Orcish Mines |   3910 |   3829 |     81 |   1079 |   1831 |   2 | 1955.0 |
         Sewer |    299 |    299 |      0 |      4 |    213 |   1 |  299.0 |
        Bailey |   1833 |   1833 |      0 |    565 |    642 |   1 | 1833.0 |
      Ice Cave |   1547 |   1547 |      0 |    345 |    906 |   1 | 1547.0 |
               +--------+--------+--------+--------+--------+-----+--------+

Top non-repeatable levels by time:
  Lair:5: 3176 daAuts
    D:12: 2810 daAuts
   Orc:2: 2308 daAuts
     D:9: 2042 daAuts
  Lair:4: 1986 daAuts
  Bailey: 1833 daAuts
  Lair:2: 1642 daAuts
   Orc:1: 1602 daAuts
   IceCv: 1547 daAuts
    D:11: 1410 daAuts
  Lair:1: 1383 daAuts
  Lair:3: 1370 daAuts
     D:8: 1227 daAuts
     D:7: 1138 daAuts
     D:4: 1133 daAuts
